Map: New Gettysburg LE

Players

ManTaZa - Winner!

  • Race: Protoss Protoss
  • League: Master

DasDuelon

  • Race: Zerg Zerg
  • League: Master

VOD

Have the link to the VOD?

Description

Time

  • Played on: Sept. 15, 2016, 7:01 p.m.
  • Length: 17:52
Show
View Real Time Build Order
Export as new Build Order

ManTaZa Protoss - Winner!

Build Orders: 1 Gate Expand, Phoenix Opening 

Get SALT Encoding   

  12  0:01  Probe (Chrono Boost)  
  13  0:11  Probe (Chrono Boost)  
  14  0:19  Pylon  
  14  0:22  Probe (Chrono Boost)  
  15  0:38  Probe (Chrono Boost)  
  15  0:40  Gateway  
  16  0:48  Probe (Chrono Boost), Assimilator  
  17  0:59  Probe (Chrono Boost)  
  18  1:09  Probe (Chrono Boost)  
  19  1:20  Probe (Chrono Boost)  
  20  1:26  Nexus  
  20  1:37  Cybernetics Core  
  20  1:39  Probe (Chrono Boost)  
  21  1:47  Assimilator  
  21  1:50  Probe (Chrono Boost)  
  22  1:55  Pylon  
  22  2:00  Probe (Chrono Boost)  
  23  2:13  Probe (Chrono Boost)  
  23  2:14  Warp Gate, Adept  
  26  2:24  Probe (Chrono Boost)  
  27  2:32  Stargate  
  27  2:34  Pylon  
  27  2:39  Probe x2 (Chrono Boost)  
  28  2:50  Probe x2 (Chrono Boost)  
  30  2:58  Assimilator  
  30  3:00  Probe x2 (Chrono Boost)  
  32  3:08  Stargate  
  32  3:11  Probe x2 (Chrono Boost)  
  34  3:17  Phoenix  
  34  3:21  Probe (Chrono Boost)  
  34  3:24  Probe (Chrono Boost)  
  38  3:32  Probe (Chrono Boost)  
  39  3:37  Probe (Chrono Boost)  
  39  3:39  Phoenix  
  39  3:41  Pylon  
  40  3:42  Probe (Chrono Boost)  
  44  3:48  Phoenix  
  44  3:49  Probe (Chrono Boost)  
  44  3:55  Probe (Chrono Boost)  
  47  4:01  Probe (Chrono Boost)  
  48  4:05  Robotics Facility  
  48  4:07  Probe (Chrono Boost)  
  49  4:13  Probe (Chrono Boost)  
  50  4:20  Adept  
  50  4:22  Phoenix  
  50  4:23  Probe (Chrono Boost)  
  55  4:24  Pylon  
  55  4:27  Mothership Core (Chrono Boost)  
  55  4:30  Assimilator  
  57  4:35  Probe (Chrono Boost)  
  57  4:38  Pylon  
  59  4:46  Probe (Chrono Boost)  
  59  4:47  Probe (Chrono Boost)  
  59  4:48  Phoenix x2  
  64  4:56  Warp Prism  
  64  4:58  Probe (Chrono Boost)  
  67  5:05  Gateway  
  67  5:08  Gateway  
  67  5:13  Twilight Council  
  67  5:19  Phoenix x2  
  67  5:28  Probe x2 (Chrono Boost)  
  73  5:40  Probe (Chrono Boost), Phoenix  
  73  5:41  Phoenix  
  72  5:45  Adept  
  78  6:01  Pylon x2  
  78  6:02  Nexus  
  78  6:03  Pylon  
  78  6:06  Pylon  
  78  6:10  Pylon  
  78  6:16  Phoenix  
  78  6:23  Resonating Glaives  
  80  6:26  Observer  
  81  6:33  Stargate  
  81  6:41  Adept x3, Void Ray  
  91  6:57  Forge  
  90  7:15  Adept  
  92  7:21  Probe x2 (Chrono Boost)  
  94  7:23  Void Ray x2  
  94  7:28  Gateway, Void Ray  
  94  7:29  Gateway  
  106  7:32  Gateway  
  106  7:34  Gateway  
  104  7:47  Probe (Chrono Boost)  
  93  8:01  Probe x2 (Chrono Boost)  
  95  8:11  Adept  
  97  8:14  Void Ray  
  97  8:18  Assimilator  
  97  8:22  Assimilator  
  97  8:24  Pylon x2  
  97  8:26  Pylon  
  101  8:28  Pylon  
  101  8:36  Void Ray  
  101  8:38  Nexus  
  101  8:41  Pylon x2, Void Ray  
  109  8:54  Void Ray  
  109  8:55  Forge  
  109  8:56  Protoss Air Weapons Level 1  
  113  9:06  Adept x3  
  119  9:13  Void Ray  
  123  9:28  Pylon x2  
  119  9:52  Probe (Chrono Boost), Fleet Beacon  
  121  9:54  Probe (Chrono Boost)  
  121  9:56  Photon Cannon  
  121  9:57  Photon Cannon x2  
  121  9:59  Photon Cannon  
  121  10:02  Photon Cannon x2  
  121  10:04  Probe (Chrono Boost)  
  122  10:09  Probe (Chrono Boost)  
  122  10:10  Probe (Chrono Boost)  
  124  10:16  Probe (Chrono Boost), Void Ray x2  
  125  10:25  Protoss Shields Level 1  
  133  10:34  Adept  
  125  10:38  Carrier  
  123  10:48  Carrier  
  129  10:54  Protoss Air Weapons Level 2  
  135  11:05  Carrier  
  135  11:09  Photon Cannon  
  135  11:16  Graviton Catapult  
  141  11:28  Photon Cannon  
  141  11:29  Photon Cannon  
  141  11:56  Pylon  
  141  11:58  Carrier  
  141  11:59  Pylon  
  141  12:02  Carrier  
  141  12:07  Nexus  
  141  12:13  Stargate  
  153  12:33  Probe x2 (Chrono Boost)  
  155  12:37  Pylon  
  155  12:38  Pylon  
  155  12:40  Photon Cannon  
  155  12:41  Photon Cannon  
  155  12:50  Photon Cannon x2  
  155  12:54  Templar Archives  
  155  13:08  Adept x4  
  163  13:13  Adept  
  163  13:15  Adept  
  165  13:29  Carrier  
  160  13:40  Carrier  
  171  13:54  Probe (Chrono Boost)  
  171  14:05  Probe (Chrono Boost)  
  171  14:09  Photon Cannon  
  172  14:11  Photon Cannon x2  
  172  14:13  Photon Cannon  
  172  14:15  Probe (Chrono Boost)  
  173  14:19  Psionic Storm  
  173  14:23  High Templar x4  
  181  14:25  High Templar  
  181  14:26  Probe (Chrono Boost), High Templar  
  186  14:35  Assimilator  
  186  14:37  Probe (Chrono Boost), Assimilator  
  187  14:47  Probe (Chrono Boost)  
  187  14:49  Photon Cannon  
  187  14:50  Photon Cannon  
  188  14:58  Probe (Chrono Boost)  
  168  15:40  Nexus  
  166  15:42  Pylon  
  166  15:48  Photon Cannon  
  166  15:49  Probe (Chrono Boost)  
  165  15:52  Carrier  
  159  15:59  High Templar x2  
  159  16:00  High Templar  
  159  16:01  High Templar  
  167  16:13  Probe (Chrono Boost)  
  168  16:24  Probe (Chrono Boost)  
  169  16:34  Probe (Chrono Boost)  
  170  16:49  Nexus  
  170  16:51  Pylon  
  170  16:59  Assimilator  
  170  17:01  High Templar, Assimilator  
  170  17:03  High Templar  
  174  17:22  Archon  
  174  17:23  High Templar x4  
  174  17:28  Photon Cannon  
  182  17:30  Photon Cannon  
  182  17:34  Photon Cannon  
  182  17:35  Pylon  
Show
View Real Time Build Order
Export as new Build Order

DasDuelon Zerg 

Build Orders: Hatch First 

Get SALT Encoding   

  12  0:00  Drone  
  13  0:13  Overlord  
  13  0:17  Drone  
  14  0:32  Drone x2  
  16  0:38  Drone  
  17  0:53  Hatchery  
  17  0:56  Drone  
  17  0:59  Drone  
  17  1:01  Extractor  
  17  1:08  Drone  
  18  1:18  Spawning Pool  
  18  1:21  Drone  
  18  1:29  Drone  
  19  1:42  Overlord  
  19  1:53  Drone  
  20  2:04  Queen  
  20  2:08  Queen  
  22  2:09  Zergling x2, Metabolic Boost  
  22  2:11  Drone  
  22  2:13  Drone  
  27  2:16  Drone  
  27  2:22  Drone  
  29  2:26  Drone  
  30  2:35  Drone  
  31  2:45  Hatchery  
  31  2:47  Drone x2  
  31  2:49  Drone  
  33  2:54  Overlord  
  33  2:59  Drone  
  34  3:06  Drone  
  35  3:13  Overlord  
  35  3:16  Drone x3  
  35  3:18  Drone x3, Queen  
  42  3:30  Zergling x2  
  42  3:32  Overlord  
  42  3:33  Zergling x2  
  44  3:34  Zergling x2  
  45  3:44  Spore Crawler, Drone x3  
  45  3:47  Spore Crawler, Drone x4  
  50  3:55  Drone x2  
  52  3:57  Queen  
  54  4:09  Drone x3  
  57  4:11  Spore Crawler  
  57  4:16  Overlord x2  
  56  4:17  Overlord  
  56  4:21  Lair  
  56  4:25  Extractor  
  56  4:28  Extractor  
  56  4:30  Overlord x2  
  54  4:34  Queen  
  54  4:38  Drone x7  
  63  4:51  Evolution Chamber  
  61  4:58  Drone x2  
  63  5:07  Overlord  
  63  5:08  Overlord, Queen, Roach Warren  
  63  5:10  Queen  
  66  5:14  Drone x3  
  66  5:19  Queen  
  66  5:21  Zerg Melee Weapons Level 1  
  68  5:22  Drone  
  68  5:25  Hatchery  
  68  5:26  Spore Crawler  
  65  5:39  Drone x3  
  65  5:40  Drone  
  65  5:41  Drone x7  
  74  5:49  Pneumatized Carapace  
  74  5:54  Nydus Network  
  74  5:56  Roach  
  81  5:57  Roach x3  
  81  6:09  Roach  
  81  6:10  Roach x5  
  92  6:22  Drone x3  
  94  6:35  Zergling x24  
  104  6:45  Nydus Canal  
  104  6:47  Zergling x10  
  104  6:51  Drone  
  104  6:53  Overlord  
  112  6:55  Overlord x4  
  106  7:15  Drone x8  
  108  7:22  Glial Reconstitution  
  104  7:31  Queen x2  
  104  7:32  Queen x2  
  104  7:33  Drone x8  
  104  7:34  Drone x6  
  118  7:54  Overlord x4  
  118  7:55  Drone  
  119  8:04  Spore Crawler  
  118  8:05  Spore Crawler  
  118  8:08  Spore Crawler, Extractor  
  118  8:09  Extractor  
  114  8:21  Spore Crawler  
  114  8:26  Drone x7  
  120  8:29  Zerg Missile Weapons Level 1  
  120  8:32  Hydralisk Den, Evolution Chamber  
  120  8:34  Infestation Pit  
  117  8:41  Extractor  
  116  8:43  Extractor  
  115  8:50  Hatchery  
  115  8:55  Zergling x20  
  124  8:58  Zerg Melee Weapons Level 2  
  124  8:59  Queen x3  
  132  9:14  Drone x4  
  135  9:19  Overlord x4  
  135  9:23  Muscular Augments  
  135  9:25  Hive  
  135  9:29  Spore Crawler  
  132  9:39  Spawning Pool  
  131  9:53  Spore Crawler x2  
  131  9:57  Hydralisk x19  
  163  10:27  Spore Crawler x2  
  161  10:32  Zerg Missile Weapons Level 2  
  161  10:34  Drone x8  
  163  10:44  Drone x2  
  163  10:45  Overlord, Drone x3  
  163  10:46  Overlord x3  
  163  10:47  Overlord x2  
  168  10:54  Adrenal Glands  
  168  10:55  Zergling x14, Extractor  
  174  11:01  Ultralisk Cavern, Spire  
  174  11:03  Spire  
  171  11:08  Spore Crawler  
  171  11:09  Spore Crawler  
  171  11:10  Extractor x2  
  167  11:22  Zergling x34  
  167  11:23  Zergling x14  
  191  11:56  Chitinous Plating  
  191  11:58  Zerg Melee Weapons Level 3  
  179  12:20  Zergling x26  
  179  12:21  Zergling x22  
  185  12:29  Zergling x16  
  174  12:52  Ultralisk  
  174  12:53  Zerg Flyer Weapons Level 1, Zerg Flyer Armor Level 1  
  180  12:59  Pathogen Glands  
  180  13:02  Nydus Canal  
  180  13:07  Zergling x34  
  180  13:08  Zergling x6  
  174  13:47  Zergling x18  
  174  13:48  Zergling x30  
  198  14:04  Hatchery  
  197  14:12  Overlord x3  
  197  14:14  Hatchery  
  196  14:28  Spore Crawler x4  
  196  14:30  Spore Crawler x2  
  190  14:41  Zerg Missile Weapons Level 3  
  190  14:42  Zerg Ground Armor Level 1  
  190  14:43  Lurker Den  
  190  14:45  Infestor x2  
  190  14:46  Infestor x3  
  172  15:20  Ultralisk  
  172  15:21  Zerg Flyer Weapons Level 2, Zerg Flyer Armor Level 2  
  126  15:53  Corruptor x12  
  150  16:02  Drone x6  
  156  16:04  Drone  
  157  16:13  Drone x3  
  160  16:25  Drone x2  
  160  16:26  Drone x6  
  160  16:30  Viper  
  160  16:31  Viper  
  174  16:33  Viper  
  174  16:36  Viper  
  174  16:38  Viper  
  183  16:59  Spore Crawler x5  
  178  17:17  Drone  
  178  17:18  Drone x2  
  178  17:20  Extractor x2, Spore Crawler  
  178  17:22  Spore Crawler  
  177  17:23  Spore Crawler, Drone x8  
  177  17:24  Spore Crawler  
  177  17:25  Extractor  
Tags
 
Add a new tag
Caveats
  • Supply blocks, unpowered buildings, or Contaminate may cause inaccurate times.
  • Supply counts are checked every 10 seconds.